Map: 트라이튼 - 래더

Players

Maru - Winner!

  • Race: Terran Terran
  • Spawn Location: 11:00

Solar

  • Race: Zerg Zerg
  • Spawn Location: 5:00

Event: IEM Katowice 2020

VOD

Have the link to the VOD?

Description

Time

  • Played on: Feb. 28, 2020, 6:49 a.m.
  • Length: 12:15

All games in this series

Show
View Real Time Build Order
Export as new Build Order

Maru Terran - Winner!

Build Orders: Hellion Banshee 

Get SALT Encoding   

  12  0:00  SCV  
  13  0:13  SCV  
  14  0:17  Supply Depot  
  14  0:25  SCV  
  15  0:43  Barracks  
  15  0:44  SCV  
  16  0:56  Barracks  
  16  0:58  SCV  
  17  1:07  Refinery  
  17  1:10  SCV  
  18  1:22  SCV  
  19  1:29  Marine  
  20  1:34  Orbital Command  
  20  1:38  Supply Depot  
  20  1:43  Marine  
  21  1:47  Marine  
  22  1:58  Bunker  
  22  2:01  Marine, SCV  
  23  2:05  Marine  
  25  2:12  Factory  
  26  2:15  SCV  
  26  2:20  Marine  
  27  2:27  SCV  
  27  2:32  Supply Depot  
  28  2:39  SCV  
  28  2:53  SCV  
  28  2:57  Command Center  
  28  2:58  Factory Reactor  
  29  3:06  Starport  
  29  3:08  SCV  
  30  3:14  Refinery  
  30  3:20  SCV  
  30  3:22  Supply Depot  
  31  3:32  SCV  
  32  3:35  Hellion x2  
  36  3:42  Medivac  
  38  3:49  SCV  
  39  3:56  Hellion x2  
  39  4:01  SCV  
  44  4:09  Orbital Command  
  44  4:13  SCV  
  44  4:16  Starport Tech Lab  
  45  4:18  Hellion  
  47  4:25  SCV  
  48  4:32  Hellion  
  48  4:33  Barracks Tech Lab  
  48  4:36  SCV  
  48  4:37  SCV, Supply Depot  
  52  4:40  Cloaking Field  
  52  4:45  Banshee  
  52  4:48  SCV  
  52  4:49  SCV  
  57  4:53  Marine  
  57  4:54  Stimpack  
  58  5:01  SCV x2  
  60  5:07  Armory  
  60  5:11  Hellion x2  
  60  5:12  Supply Depot  
  60  5:13  SCV x2  
  66  5:25  SCV x2  
  67  5:28  Banshee  
  65  5:37  SCV  
  65  5:38  SCV  
  67  5:47  Command Center  
  67  5:49  SCV  
  68  5:50  SCV  
  68  5:53  Supply Depot  
  68  5:55  Factory Reactor  
  69  6:01  Barracks  
  69  6:02  Barracks  
  69  6:03  SCV  
  70  6:05  SCV  
  68  6:11  Marine  
  68  6:12  Banshee  
  68  6:15  SCV  
  68  6:23  Engineering Bay  
  68  6:24  SCV, Engineering Bay  
  63  6:29  Marine  
  63  6:30  SCV  
  65  6:36  SCV  
  65  6:38  Barracks  
  65  6:39  Barracks  
  61  6:42  SCV  
  56  6:48  SCV  
  56  6:51  Terran Infantry Weapons Level 1, Terran Infantry Armor Level 1  
  56  6:52  Refinery  
  56  6:53  Refinery  
  57  6:54  SCV  
  57  7:00  Marine x2, Orbital Command  
  57  7:01  Marine x3, Combat Shield  
  63  7:03  SCV  
  63  7:06  SCV, Starport Reactor  
  65  7:15  SCV, Supply Depot  
  66  7:18  Marine, SCV  
  66  7:19  Marine x2, Siege Tank  
  66  7:20  Marine x2  
  75  7:26  Barracks Reactor  
  75  7:27  Barracks Reactor  
  75  7:28  SCV  
  75  7:29  Supply Depot  
  77  7:30  Orbital Command  
  77  7:36  Marine  
  77  7:37  Marine x3  
  77  7:38  SCV, Marine  
  77  7:39  Supply Depot  
  77  7:40  SCV  
  83  7:51  Medivac x2  
  83  7:54  SCV x2, Marine  
  83  7:55  Marine x4  
  94  8:03  Marine x3  
  94  8:04  Marine, SCV  
  94  8:05  Supply Depot x2  
  99  8:08  Siege Tank  
  99  8:11  SCV x2, Marine  
  105  8:16  SCV  
  105  8:17  Marine x4  
  110  8:21  Marine x2  
  110  8:23  SCV, Medivac x2  
  117  8:29  SCV  
  117  8:31  Supply Depot  
  118  8:34  Refinery  
  118  8:35  Refinery  
  118  8:36  SCV  
  119  8:42  Marine x2, Siege Tank  
  119  8:43  Marine  
  119  8:44  Supply Depot  
  125  8:49  SCV x2  
  125  8:53  Medivac  
  125  8:54  Marine, Terran Infantry Weapons Level 2  
  125  8:55  Marine x5  
  135  9:01  SCV x2  
  133  9:05  SCV  
  133  9:09  Marine x2  
  129  9:13  Medivac  
  129  9:14  Siege Tank  
  130  9:17  Command Center  
  130  9:23  Barracks  
  130  9:24  Barracks  
  130  9:26  Marine, Barracks  
  130  9:27  Marine x4  
  135  9:33  SCV  
  135  9:34  Marine x2  
  138  9:39  Supply Depot  
  138  9:40  Terran Infantry Armor Level 2  
  138  9:44  Supply Depot  
  138  9:45  Marine x3  
  138  9:46  Marine x3, Supply Depot, Medivac  
  142  9:57  Missile Turret  
  142  9:58  SCV, Missile Turret  
  142  9:59  Marine  
  143  10:00  SCV x2  
  145  10:07  Terran Vehicle Weapons Level 1  
  145  10:10  SCV  
  145  10:12  SCV x2  
  141  10:14  Marine x3  
  141  10:15  Marine x4  
  141  10:19  Marine  
  137  10:22  SCV  
  137  10:23  Marine  
  137  10:24  SCV  
  127  10:32  Marine x6, Barracks Reactor x2  
  127  10:33  Barracks Reactor  
  127  10:34  Barracks Tech Lab  
  127  10:35  Barracks Tech Lab x2  
  130  10:36  SCV  
  131  10:48  Marine x2, Marauder  
  135  10:50  Marine x6  
  135  10:52  Concussive Shells  
  135  10:56  Planetary Fortress  
  141  11:03  Marauder x3  
  147  11:06  Marine  
  147  11:09  Marine x2, Marauder  
  147  11:11  Marine  
  149  11:12  Marine  
  149  11:16  Marine x3  
  140  11:24  Marauder x3  
  140  11:25  Medivac x2  
  139  11:28  Siege Tank  
  139  11:29  Marine  
  139  11:31  Marauder  
  141  11:34  Marine x4  
  145  11:43  Missile Turret, Factory  
  145  11:46  Marine x3, Marauder x3  
  154  11:52  Marine x2, Marauder  
  157  11:56  Marine x2  
Show
View Real Time Build Order
Export as new Build Order

Solar Zerg 

Build Orders: Hatch First 

Get SALT Encoding   

  12  0:01  Drone  
  13  0:12  Overlord  
  13  0:17  Drone  
  14  0:31  Drone x2  
  16  0:47  Hatchery  
  15  0:51  Drone  
  15  0:54  Drone  
  17  0:57  Drone  
  18  1:08  Extractor  
  17  1:13  Spawning Pool  
  17  1:17  Drone  
  17  1:19  Drone  
  18  1:28  Drone  
  19  2:00  Zergling x6, Spine Crawler  
  19  2:01  Zergling x2, Queen  
  24  2:12  Zergling x4  
  24  2:23  Zergling x4  
  24  2:33  Drone  
  24  2:35  Drone  
  26  2:45  Queen  
  28  2:52  Overlord  
  28  2:58  Overlord  
  28  3:05  Metabolic Boost  
  28  3:11  Drone x2  
  30  3:14  Drone  
  30  3:15  Drone  
  30  3:19  Drone  
  33  3:22  Drone  
  33  3:27  Drone x2  
  36  3:36  Drone  
  36  3:40  Drone x3  
  36  3:41  Drone  
  41  3:52  Hatchery  
  41  3:55  Drone  
  41  3:56  Drone  
  41  4:00  Overlord  
  42  4:05  Queen  
  44  4:11  Overlord  
  44  4:19  Drone x2  
  44  4:20  Drone  
  44  4:21  Drone x4  
  50  4:24  Overlord  
  50  4:33  Zergling x4  
  52  4:42  Queen, Overlord  
  52  4:44  Queen  
  57  4:45  Zergling x4  
  57  4:46  Zergling x2  
  57  4:50  Zergling x2  
  57  4:52  Overlord  
  59  4:58  Overlord  
  59  5:01  Drone  
  59  5:02  Drone  
  59  5:06  Queen  
  63  5:07  Drone  
  63  5:13  Drone x2  
  66  5:14  Extractor, Drone  
  66  5:15  Zergling x8, Extractor  
  66  5:20  Lair  
  69  5:22  Drone  
  70  5:28  Drone  
  70  5:29  Roach Warren  
  70  5:30  Drone  
  70  5:33  Drone  
  65  5:36  Drone  
  65  5:37  Drone  
  65  5:39  Spore Crawler  
  65  5:41  Spore Crawler  
  62  5:43  Spore Crawler x2  
  62  5:44  Drone  
  62  5:47  Overlord  
  61  5:50  Drone x2  
  61  5:51  Drone  
  61  5:54  Zergling x2  
  61  5:55  Zergling x2  
  66  6:01  Overlord  
  66  6:04  Drone  
  67  6:10  Roach x4  
  75  6:14  Roach x2  
  73  6:18  Roach x2  
  73  6:20  Roach  
  73  6:23  Roach x2  
  81  6:26  Zergling x4  
  81  6:28  Zergling x4  
  81  6:31  Roach  
  81  6:39  Drone x3  
  81  6:40  Drone x2  
  81  6:45  Overseer  
  80  6:47  Queen  
  80  6:50  Drone  
  81  6:54  Glial Reconstitution  
  81  6:55  Drone x2  
  81  6:57  Drone  
  81  6:59  Drone x2  
  86  7:03  Queen  
  88  7:09  Queen  
  88  7:11  Drone  
  88  7:13  Overseer  
  90  7:18  Drone  
  90  7:19  Extractor, Drone x4  
  90  7:20  Extractor  
  90  7:22  Drone x3  
  96  7:25  Drone  
  97  7:31  Spire  
  97  7:33  Queen  
  97  7:35  Drone x2  
  100  7:37  Drone x2  
  100  7:40  Drone x3  
  100  7:42  Drone  
  106  7:45  Extractor  
  106  7:46  Overlord  
  106  7:48  Drone x2  
  106  7:49  Drone  
  106  7:52  Overlord  
  106  7:57  Overlord  
  106  7:58  Evolution Chamber  
  106  8:00  Evolution Chamber  
  106  8:04  Overlord  
  106  8:05  Drone  
  104  8:06  Drone  
  104  8:08  Overlord  
  105  8:14  Roach x3  
  105  8:19  Overlord  
  111  8:21  Zergling x6  
  111  8:22  Zergling x2  
  115  8:27  Zerg Ground Armor Level 1  
  115  8:28  Hatchery  
  114  8:35  Drone  
  115  8:42  Ravager  
  115  8:43  Ravager x2  
  115  8:45  Mutalisk x4  
  126  8:50  Mutalisk  
  128  8:56  Zergling x8, Roach x4  
  128  8:57  Overlord  
  138  9:05  Roach x4  
  138  9:08  Roach  
  144  9:11  Roach  
  146  9:17  Overlord x2  
  146  9:22  Evolution Chamber, Baneling Nest  
  146  9:23  Drone x2  
  146  9:24  Drone x2  
  148  9:28  Drone  
  149  9:33  Roach  
  149  9:37  Roach  
  148  9:41  Ravager x3  
  148  9:42  Roach x2  
  148  9:43  Roach  
  157  9:45  Queen  
  157  9:47  Roach  
  157  9:49  Roach  
  157  9:50  Roach x6  
  171  9:53  Roach x2  
  171  9:57  Overlord x3  
  171  9:58  Zerg Missile Weapons Level 1  
  171  9:59  Ravager  
  176  10:02  Overlord x2  
  176  10:04  Overlord  
  176  10:06  Overlord  
  173  10:12  Roach  
  154  10:16  Roach x2  
  154  10:17  Roach  
  154  10:18  Overseer  
  154  10:20  Roach x2  
  154  10:21  Roach x5  
  147  10:22  Roach  
  147  10:23  Zergling x2  
  147  10:26  Roach x2  
  142  10:29  Roach  
  142  10:34  Roach x4  
  152  10:36  Ravager x2  
  152  10:37  Zergling x2  
  152  10:39  Roach x2  
  159  10:43  Ravager  
  159  10:44  Extractor  
  159  10:45  Roach  
  159  10:48  Roach x3  
  167  10:51  Roach x2  
  167  10:53  Ravager  
  167  10:54  Zergling x2  
  167  10:55  Zergling x2  
  174  11:02  Roach x4  
  182  11:04  Zergling x2  
  182  11:05  Zergling x10  
  182  11:06  Ravager  
  182  11:09  Roach x2  
  193  11:16  Roach x2  
  170  11:18  Roach x2  
  170  11:19  Roach x2  
  170  11:21  Roach  
  170  11:25  Roach x3  
  160  11:30  Roach  
  153  11:36  Ravager x3  
  153  11:39  Zergling x6  
  154  11:45  Ravager  
  154  11:46  Zergling x8  
  159  11:48  Hatchery  
  159  11:52  Zergling x2  
  154  11:54  Roach  
  154  11:58  Zergling x6  
  142  12:08  Ravager x2  

Tags
 
Add a new tag
Caveats
  • Supply blocks, unpowered buildings, or Contaminate may cause inaccurate times.
  • Supply counts are checked every 10 seconds.